 Dungeon Crawl Stone Soup version 0.23.2-30-g0e89c35 (webtiles) character file.

Game seed: 6323762660833575739

724 Fortress the Firebug (level 7, -3/50 HPs)
             Began as a Red Draconian Fire Elementalist on June 14, 2019.
             Slain by Duvessa
             ... wielding a +0 short sword
              (9 damage)
             ... on level 5 of the Dungeon.
             The game lasted 00:25:12 (4822 turns).

Fortress the Firebug (DrFE)                         Turns: 4822, Time: 00:25:13

Health: -3/50      AC:  9    Str: 10    XL:     7   Next: 43%
Magic:  6/14       EV: 12    Int: 18    God:
Gold:   208        SH:  0    Dex: 11    Spells: 15/16 levels left

rFire    + . .     SeeInvis .   j - +2 whip (flame)
rCold    . . .     Gourm    .   (no shield)
rNeg     . . .     Faith    .   (armour unavailable)
rPois    +         Spirit   .   x - +1 hat
rElec    .         Reflect  .   B - +1 cloak {rPois}
rCorr    .         Harm     .   (no gloves)
MR       .....                  (no boots)
Stlth    ++........             (no amulet)
HPRegen  0.16/turn              (no ring)
MPRegen  0.14/turn              (no ring)

@: no status effects
A: breathe fire, unfitting armour, fire resistance 1, cold-blooded, AC +6
a: Breathe Fire


You were on level 5 of the Dungeon.
You were near starving.

You visited 1 branch of the dungeon, and saw 6 of its levels.
You also visited: Sewer.

You collected 208 gold pieces.

Inventory:

Hand Weapons
 a - a +0 short sword
 j - a +2 whip of flaming (weapon)
 t - a +1 mace of holy wrath
 y - a +3 hunting sling
Missiles
 i - 20 sling bullets
 p - 96 stones (quivered)
Armour
 x - a +1 hat (worn)
 B - a +1 cloak of poison resistance (worn)
Jewellery
 g - an uncursed ring of stealth {unknown}
 h - an uncursed ring of poison resistance {unknown}
 l - an uncursed amulet of the acrobat {unknown}
 n - an uncursed amulet of regeneration {unknown}
 q - a cursed amulet of inaccuracy {unknown}
 C - a +6 ring of dexterity {unknown}
Scrolls
 c - 3 scrolls of teleportation
 e - 5 scrolls of remove curse
 o - a scroll of identify
 z - a scroll of fog
Potions
 d - a potion of cancellation {unknown}
 f - a potion of haste {unknown}
 k - 2 potions of curing
 m - a potion of heal wounds {unknown}
 r - 2 potions of agility
 s - a potion of flight
 u - a potion of invisibility {unknown}
 v - 2 potions of might
 w - a potion of brilliance {unknown}
Comestibles
 b - 4 rations


   Skills:
 - Level 2.0 Dodging
 - Level 2.0 Stealth
 + Level 5.0 Spellcasting
 + Level 4.2 Conjurations
 + Level 6.6 Fire Magic


You had 15 spell levels left.
You knew the following spells:

 Your Spells              Type           Power        Failure   Level  Hunger
a - Flame Tongue          Conj/Fire      ###..        1%          1    None

Your spell library contained the following spells:

 Spells                   Type           Power        Failure   Level  Hunger
 Throw Flame              Conj/Fire      ###...       2%          2    #......
 Conjure Flame            Conj/Fire      ###.....     4%          3    ##.....
 Inner Flame              Hex/Fire       ###.....     10%         3    ##.....
 Sticky Flame             Conj/Fire      ###.....     14%         4    ####...
 Fireball                 Conj/Fire      ###.......   36%         5    ######.


Dungeon Overview and Level Annotations

Branches:
Dungeon (6/15)
 Temple: D:4-7

Altars:
Nemelex Xobeh

Annotations:
D:5 Duvessa


Innate Abilities, Weirdness & Mutations

You can breathe blasts of fire.
Your fiery red scales are hard. (AC +6)
You cannot fit into any form of body armour.
Your flesh is heat resistant. (rF+)
You are cold-blooded and may be slowed by cold attacks.


Message History

Duvessa hits you but does no damage.
Casting: Flame Tongue (safe; 1% risk of failure)
Confirm with . or Enter, or press ? or * to list all spells.
Aiming: Flame Tongue (safe; 1% risk of failure)
Press: ? - help, Shift-Dir - straight line, f/p - Duvessa
Aim: Duvessa, wielding a +0 short sword and wearing a +0 ring mail (lightly wounded, berserk, fast, unusually strong)
The flame tongue hits Duvessa.
Duvessa is moderately wounded.
Duvessa closely misses you. Duvessa hits you with a +0 short sword!
Casting: Flame Tongue (safe; 1% risk of failure)
Confirm with . or Enter, or press ? or * to list all spells.
Aiming: Flame Tongue (safe; 1% risk of failure)
Press: ? - help, Shift-Dir - straight line, f/p - Duvessa
Aim: Duvessa, wielding a +0 short sword and wearing a +0 ring mail (moderately wounded, berserk, fast, unusually strong)
The flame tongue hits Duvessa.
Duvessa is moderately wounded.
Duvessa hits you with a +0 short sword!
* * * LOW HITPOINT WARNING * * *
Duvessa hits you with a +0 short sword!
You die...

... #.# # #.# #.#
.# #<###.# ..###
#...#.##......
#.....)....... . .
####...#.##......
. ...
#...........##.#.
.
.....#.##.)##.####
#......@.##...
....$..###e######
....... ..#
.##..## ### # ....
. .#.. # #. # ..


You could see Duvessa (berserk).

Vanquished Creatures
  2 ogres
  Dowan (D:5)
  A bullfrog skeleton (D:4)
  2 hounds
  Jessica (D:2)
  Terence (D:2)
  Natasha (twice) (D:2)
  4 worker ants
  A hound skeleton (D:5)
  4 adders
  4 gnolls (D:2)
  3 oozes
  3 worms
  2 dart slugs (D:1)
  11 leopard geckos
  8 orcs
  A ball python (D:2)
  5 giant cockroaches
  10 goblins
  7 hobgoblins
  10 jackals
  9 bats
  6 frilled lizards
  A jackal skeleton (D:4)
  8 kobolds
  3 rats (D:1)
110 creatures vanquished.

Notes
Turn   | Place    | Note
-------+----------+-------------------------------------------
     0 | D:1      | Fortress the Draconian Fire Elementalist began the quest
                  | for the Orb.
     0 | D:1      | Reached XP level 1. HP: 14/14 MP: 3/3
   228 | D:1      | Reached XP level 2. HP: 20/20 MP: 0/5
   724 | D:1      | Reached XP level 3. HP: 26/26 MP: 3/6
  1176 | D:2      | Noticed Terence
  1178 | D:2      | Noticed Natasha
  1190 | D:2      | Killed Terence
  1320 | D:2      | Reached XP level 4. HP: 33/33 MP: 2/8
  1390 | D:2      | Noticed Jessica
  1396 | D:2      | Killed Jessica
  1423 | D:2      | Reached skill level 4 in Fire Magic
  1715 | D:2      | Reached XP level 5. HP: 33/38 MP: 2/9
  1863 | D:2      | Killed Natasha
  1879 | D:2      | Found a sparkling altar of Nemelex Xobeh.
  1913 | D:2      | Noticed Natasha
  1918 | D:2      | Killed Natasha
  2585 | D:4      | You fall through a shaft!
  2585 | D:5      | Entered Level 5 of the Dungeon
  2585 | D:5      | Noticed an ogre
  2593 | D:5      | Killed an ogre
  2593 | D:5      | Reached XP level 6. HP: 27/45 MP: 2/12
  2909 | D:4      | Found a glowing drain.
  2926 | Sewer    | Entered a sewer
  3677 | D:4      | Reached skill level 5 in Fire Magic
  4010 | D:4      | Your scales start taking on a fiery red colour.
  4010 | D:4      | Reached skill level 6 in Fire Magic
  4010 | D:4      | Reached XP level 7. HP: 36/50 MP: 7/13
  4010 | D:4      | Gained mutation: Your flesh is heat resistant. (rF+) [Red
                  | Draconian growth]
  4507 | D:5      | Noticed Dowan
  4512 | D:5      | Noticed Duvessa
  4818 | D:5      | Killed Dowan
  4818 | D:5      | Reached skill level 5 in Spellcasting
  4822 | D:5      | Slain by Duvessa

Skill      XL: |  1  2  3  4  5  6  7 |
---------------+----------------------+-----
Stealth        | 2 |  2.0
Dodging        | 2 |  2.0
Spellcasting   | 3 4 5 |  5.0
Conjurations   | 2 3 4 |  4.2
Fire Magic     | 4 6 |  6.6

Action                   |  1- 3 |  4- 6 |  7- 9 || total
-------------------------+-------+-------+-------++-------
Melee: Short sword       |    15 |       |       ||    15
       Whip              |     5 |    65 |    13 ||    83
       Tailslap          |     1 |     3 |     3 ||     7
 Cast: Flame Tongue      |    60 |   126 |    60 ||   246
  Use: Scroll            |       |    12 |     1 ||    13
       Potion            |       |     2 |       ||     2
  Eat: Chunk             |     1 |     7 |       ||     8
       Ration            |       |     1 |       ||     1
Armor: Skin              |     7 |    32 |    31 ||    70
Dodge: Dodged            |    24 |    96 |    57 ||   177
